[Event "*** SCC Grand Prix: Titled Tuesday Blitz"]
[Site "Chess.com"]
[Date "2020.06.09"]
[Round "1"]
[White "Harry_Rakkel"]
[Black "MikeSailer"]
[Result "1-0"]
[WhiteElo "2507"]
[BlackElo "2067"]
[TimeControl "180+1"]
[EndTime "9:05:15 PDT"]
[Termination "Harry_Rakkel won by resignation"]

1. d4 d5 2. Nf3 Nf6 3. c4 c6 4.
cxd5 cxd5 5. Nc3 Nc6 6. Bf4 a6 7.
Ne5 e6 8. Rc1 Bb4 9. Nxc6 bxc6 10. a3 Be7 11. Na4 O-O 12. e3 Qa5+ 13. b4 Bxb4+ 14.
axb4 Qxb4+ 15. Nc3 Ne4 16. Qa4 Qb2 17. Qc2 Qb4 18.
Bd3 e5 19. Bxe5 Bf5 20. O-O f6 21. Bxe4 dxe4 22. Bg3 1-0

[Event "*** SCC Grand Prix: Titled Tuesday Blitz"]
[Site "Chess.com"]
[Date "2020.06.09"]
[Round "1"]
[White "AnishGiri"]
[Black "serhanberat_ozdemir"]
[Result "1-0"]
[WhiteElo "2959"]
[BlackElo "2456"]
[TimeControl "180+1"]
[EndTime "9:05:18 PDT"]
[Termination "AnishGiri won by resignation"]

1. d4 Nf6 2. c4 g6 3. Nc3 Bg7 4. e4 d6 5. Be2 O-O 6. h4 h5 7. Bg5 Nbd7 8. Qd2 c5 9. d5 Ne5 10. Nf3 Nxf3+ 11. gxf3 a6 12. a4 e6 13. Rg1 exd5 14.
Nxd5 Be6 15. Nf4 Qe7 16. O-O-O Rfd8 17. Nxh5 gxh5 18. Bh6 Ne8 19. Bxg7 Nxg7 20. Qh6 f6 21. Rg6 Ra7 22. Rdg1 b6 23. Rxf6 Bg4 24. fxg4 Qxe4 25. Bd1 Rf7 26. gxh5 Rdd7 27. Bc2 Rxf6 28. Qxf6 Qe5 29.
Qxe5 dxe5 30. h6 1-0

[Event "*** SCC Grand Prix: Titled Tuesday Blitz"]
[Site "Chess.com"]
[Date "2020.06.09"]
[Round "1"]
[White "Roza_Idrisova"]
[Black "SCIM"]
[Result "0-1"]
[WhiteElo "2179"]
[BlackElo "2551"]
[TimeControl "180+1"]
[EndTime "9:05:19 PDT"]
[Termination "SCIM won by checkmate"]

1. d4 Nf6 2. Nf3 g6 3. c4 Bg7 4.
Nc3 d5 5. cxd5 Nxd5 6. e4 Nxc3 7. bxc3 c5 8. Bb5+ Nc6 9. O-O O-O 10. Be3 cxd4 11.
cxd4 Bg4 12. Bxc6 bxc6 13. Rc1 Qa5 14. h3 Bxf3 15. Qxf3 Qxa2 16. Rxc6 a5 17. Rfc1 a4 18. R6c2 Qb3 19. Rc3 Qb8 20. e5 a3 21. Qd1 a2 22. Ra1 Rc8 23. Rxc8+ Qxc8 24. Qb3 Qa6 25. Kh2 e6 26. Bc1 h5 27. Bb2 Bh6 28. Kg3 Qe2 29.
Rxa2 Rxa2 30. Qxa2 h4+ 31. Kxh4 Qxf2+ 32. g3 Bg5+ 33.
Kxg5 Qf5+ 34. Kh4 Qh5# 0-1

[Event "*** SCC Grand Prix: Titled Tuesday Blitz"]
[Site "Chess.com"]
[Date "2020.06.09"]
[Round "1"]
[White "RestartingChess"]
[Black "GeorgMeier"]
[Result "0-1"]
[WhiteElo "2458"]
[BlackElo "2965"]
[TimeControl "180+1"]
[EndTime "9:05:20 PDT"]
[Termination "GeorgMeier won by resignation"]

1. e4 e6 2. d4 d5 3. exd5 exd5 4.
c4 Nf6 5. Nc3 Bb4 6. Bd3 O-O 7.
Ne2 dxc4 8. Bxc4 Nc6 9. O-O Bg4 10. f3 Bf5 11. Be3 Ba5 12. Qa4 Bb6 13. Rad1 a6 14. Bf2 Qd7 15. d5 Bxf2+ 16. Rxf2 Ne5 17. Qxd7 Bxd7 18. Bb3 Ne8 19. h3 Nd6 20. f4 Ng6 21. g4 Rfe8 22. Kg2 Re3 23. Ng3 Rae8 24. Rdd2 Nh4+ 25.
Kh2 Nf3+ 26. Rxf3 Rxf3 27. Re2 Rxf4 28. Rxe8+ Bxe8 29. Kg2 Rd4 30. Kf3 Rd2 31. Nge4 Rxb2 32. Nxd6 cxd6 33. Ne4 Kf8 34. Nxd6 b5 35. Ne4 a5 36. d6 Bc6 37. Kf4 a4 38. Bd1 Rxa2 39. Bf3 Bxe4 40. Bxe4 Rd2 41. Ke5 b4 42. Bd5 b3 43. d7 Ke7 0-1

[Event "*** SCC Grand Prix: Titled Tuesday Blitz"]
[Site "Chess.com"]
[Date "2020.06.09"]
[Round "1"]
[White "1stSecond"]
[Black "Future2700"]
[Result "1-0"]
[WhiteElo "2788"]
[BlackElo "2419"]
[TimeControl "180+1"]
[EndTime "9:05:20 PDT"]
[Termination "1stSecond won by checkmate"]

1. Nf3 Nf6 2. g3 e6 3. Bg2 b6 4. c4 Bb7 5. O-O Be7 6. Re1 O-O 7. Nc3 d6 8. e4 Nbd7 9. d4 Re8 10. h3 e5 11. d5 a5 12. b3 h6 13. Nh4 Nh7 14.
Nf5 Bg5 15. Bb2 g6 16. Ne3 Bxe3 17. Rxe3 f5 18. exf5 gxf5 19. Nb5 Ba6 20. Rc1 Nc5 21. a3 Qd7 22. b4 axb4 23. axb4 Na4 24. Qxa4 Bxb5 25.
Qxb5 Qf7 26. c5 f4 27. gxf4 exf4 28. Rxe8+ Rxe8 29. Qd3 Ng5 30. h4 f3 31. hxg5 fxg2 32.
gxh6 Qh5 33. Qg3+ Kh7 34. Qg7# 1-0

[Event "*** SCC Grand Prix: Titled Tuesday Blitz"]
[Site "Chess.com"]
[Date "2020.06.09"]
[Round "1"]
[White "IMHansNiemann"]
[Black "aakankshachess"]
[Result "1-0"]
[WhiteElo "2935"]
[BlackElo "2453"]
[TimeControl "180+1"]
[EndTime "9:05:22 PDT"]
[Termination "IMHansNiemann won by resignation"]

1. Nf3 Nf6 2. c4 c5 3. b3 Nc6 4. Bb2 g6 5. Bxf6 exf6 6. Nc3 Bg7 7. g3 O-O 8. Bg2 d6 9. O-O Be6 10.
d4 cxd4 11. Nxd4 Nxd4 12. Qxd4 f5 13. Qd3 d5 14. cxd5 Rc8 15. Rac1 Bd7 16. d6 Qa5 17. Nd5 Rxc1 18. Rxc1 Qa3 19. Rc7 Bc6 20. d7 Qd6 21. d8=Q Rxd8 22. Ne7+ Kf8 23. Qxd6 Rxd6 24. Bxc6 bxc6 25.
Nxc6 Rd1+ 26. Kg2 Bf6 27. Rxa7 Rc1 28. Nb4 Bc3 29. Nd3 Rc2 30. Kf3 g5 31. Rc7 g4+ 32. Kg2 Ke8 33. a4 Kd8 34. Rc4 Rxe2 35. Rxc3 1-0

[Event "*** SCC Grand Prix: Titled Tuesday Blitz"]
[Site "Chess.com"]
[Date "2020.06.09"]
[Round "1"]
[White "GoltsevDmitry2000"]
[Black "MacDaddyMac"]
[Result "1-0"]
[WhiteElo "2621"]
[BlackElo "2300"]
[TimeControl "180+1"]
[EndTime "9:05:23 PDT"]
[Termination "GoltsevDmitry2000 won by resignation"]

1. e4 e6 2. Nf3 d5 3. exd5 exd5 4. d4 Bg4 5. Bd3 Nf6 6. O-O Be7 7. h3 Bh5 8. Re1 O-O 9. Nc3 c6 10. Bg5 Nbd7 11.
g4 Bg6 12. Ne5 Nxe5 13. dxe5 Nd7 14. Bxe7 Qxe7 15. f4 Qh4 16. Qf3 Bxd3 17. cxd3 f5 18. g5 Nc5 19. Kg2 Ne6 20. Ne2 h6 21. gxh6 gxh6 22.
Qg3+ Qxg3+ 23. Kxg3 Kh7 24. Kf3 Rg8 25. Rg1 Rxg1 26. Rxg1 Rc8 27. Ke3 Rc7 28. Nd4 Nxd4 29. Kxd4 Rg7 30. Rxg7+ Kxg7 31. Kc5 Kf7 32. Kd6 Ke8 33.
Kc7 c5 34. Kxb7 c4 35. d4 a5 36. Kc6 a4 37. a3 1-0

[Event "*** SCC Grand Prix: Titled Tuesday Blitz"]
[Site "Chess.com"]
[Date "2020.06.09"]
[Round "1"]
[White "Mikasinski"]
[Black "StephenDedalus83"]
[Result "1-0"]
[WhiteElo "2420"]
[BlackElo "2738"]
[TimeControl "180+1"]
[EndTime "9:05:26 PDT"]
[Termination "Mikasinski won by resignation"]

1. e4 c5 2. Nf3 Nc6 3. d4 cxd4 4.
Nxd4 Qc7 5. Nc3 e6 6. Be2 a6 7. O-O Nf6 8. Be3 Be7 9. f4 d6 10. Kh1 O-O 11. Qe1 Na5 12. Qg3 Nc4 13. Bc1 b5 14. b3 Nb6 15. e5 dxe5 16. fxe5 Nfd7 17. Bf3 Qxc3 18. Bh6 g6 19. Bxf8 Bxf8 20. Bxa8 Qxg3 21. hxg3 Nxa8 22. Nf3 Bb7 23. Rad1 Nab6 24. Ng5 Nxe5 25. Rd8 Nbd7 26. Nxf7 Nxf7 27. Rxf7 Kxf7 28. Rxd7+ Kf6 29. Rxb7 Bd6 30. Rxh7 Bxg3 31. Ra7 Be1 32. Rxa6 Ke5 33. a4 bxa4 34. Rxa4 Kd5 35. Kg1 e5 36. Rg4 e4 37.
Rxg6 Kd4 38. Kf1 Bc3 39. Ke2 1-0

[Event "*** SCC Grand Prix: Titled Tuesday Blitz"]
[Site "Chess.com"]
[Date "2020.06.09"]
[Round "1"]
[White "exoticprincess"]
[Black "BIG_Pirate"]
[Result "1-0"]
[WhiteElo "2805"]
[BlackElo "2422"]
[TimeControl "180+1"]
[EndTime "9:05:27 PDT"]
[Termination "exoticprincess won by resignation"]

1. d4 d5 2. c4 c6 3. cxd5 cxd5 4. Nc3 Nc6 5. Bf4 Nf6 6. Nf3 Bf5 7. e3 e6 8. Bb5 Rc8 9. Ne5 h6 10. Rc1 Qa5 11.
Qa4 Bb4 12. Ke2 O-O 13. Bxc6 bxc6 14. Nxc6 Rxc6 15. Qxc6 Bxc3 16. Qxc3 Qxa2 17. Ra1 Qc4+ 18. Qxc4 dxc4 19. Rxa7 Nd5 20. Rha1 c3 21. bxc3 Nxc3+ 22. Ke1 Nd5 23. Ra8 Nxf4 24. Rxf8+ Kxf8 25. exf4 Be4 26. f3 Bd5 27. Kf2 Ke7 28. Ke3 Kf6 29. Ra5 h5 30. g4 g6 31. Rc5 Ke7 32. f5 gxf5 33.
gxf5 Kf6 34. fxe6 fxe6 35. Kf4 1-0

[Event "*** SCC Grand Prix: Titled Tuesday Blitz"]
[Site "Chess.com"]
[Date "2020.06.09"]
[Round "1"]
[White "chenxiaoyuer"]
[Black "gmmoranda"]
[Result "0-1"]
[WhiteElo "2368"]
[BlackElo "2709"]
[TimeControl "180+1"]
[EndTime "9:05:27 PDT"]
[Termination "gmmoranda won by resignation"]

1. e4 c5 2. Nf3 d6 3. d4 cxd4 4.
Nxd4 Nf6 5. Nc3 a6 6. Be2 g6 7. O-O Bg7 8. a4 O-O 9. Bg5 Nc6 10. Nb3 Be6 11. Kh1 h6 12. Be3 d5 13. exd5 Nxd5 14.
Nxd5 Qxd5 15. Nc5 Bxb2 16. Rb1 Bg7 17. Qxd5 Bxd5 18. c4 Nd4 19. Bxd4 Bxd4 20. Nb3 Be4 21. Nxd4 Bxb1 22. Rxb1 Rfd8 23. Nf3 Rac8 24. Rxb7 e5 25. h3 e4 26. Ng1 Rd2 27. Kh2 Ra2 28. Re7 f5 29.
Re6 Kf7 30. Rxa6 Rd8 31. Ra7+ Kf6 32. Ra6+ Ke5 33. Rxg6 Rdd2 34. Rxh6 Rxe2 35. Nxe2 Rxe2 36. Kg3 f4+ 37. Kg4 Rxf2 38. Rh8 e3 39. Re8+ Kd4 40. Rf8 Rxg2+ 41. Kh4 e2 42. Re8 f3 43. Rd8+ Kc3 0-1

[Event "*** SCC Grand Prix: Titled Tuesday Blitz"]
[Site "Chess.com"]
[Date "2020.06.09"]
[Round "1"]
[White "WiktoriaPOL"]
[Black "UCantHandleDenker"]
[Result "0-1"]
[WhiteElo "2030"]
[BlackElo "2501"]
[TimeControl "180+1"]
[EndTime "9:05:27 PDT"]
[Termination "UCantHandleDenker won by resignation"]

1. c4 Nf6 2. Nc3 c5 3. Nf3 g6 4. d4 cxd4 5. Nxd4 Bg7 6. e4 d6 7.
f3 O-O 8. Be3 Nc6 9. Qd2 Bd7 10.
Be2 Nxd4 11. Bxd4 Bc6 12. O-O a5 13. Nd5 Bxd5 14. cxd5 Nd7 15. Bxg7 Kxg7 16. Rac1 Qb6+ 17. Kh1 Rfc8 18. Rxc8 Rxc8 19. Rc1 Rxc1+ 20. Qxc1 Qf2 21.
Qc3+ f6 22. Bb5 Nc5 23. h3 b6 24. a3 a4 25. Qb4 h5 26. Bxa4 Nd3 27. Qc3 Ne1 28.
Qxe1 Qxe1+ 0-1

[Event "*** SCC Grand Prix: Titled Tuesday Blitz"]
[Site "Chess.com"]
[Date "2020.06.09"]
[Round "1"]
[White "adriangschnitzer"]
[Black "Bigfish1995"]
[Result "0-1"]
[WhiteElo "2465"]
[BlackElo "2980"]
[TimeControl "180+1"]
[EndTime "9:05:28 PDT"]
[Termination "Bigfish1995 won by resignation"]

1. e4 c5 2. Nf3 d6 3. d4 cxd4 4. Nxd4 Nf6 5. Nc3 a6 6. Bg5 Nbd7 7. f4 e5 8. Nf5 Qc7 9. Ne3 h6 10. Bxf6 Nxf6 11. Ned5 Nxd5 12. Nxd5 Qc6 13. f5 Be7 14. h4 Bd8 15. a4 Qc5 16. b4 Qa7 17. a5 Bd7 18. Ra3 Bc6 19. Rg3 Kf8 20. Bc4 h5 21.
Nb6 Rh6 22. Nc8 Rxc8 23. Rf1 Bxh4 24. Qf3 Qd4 0-1

[Event "*** SCC Grand Prix: Titled Tuesday Blitz"]
[Site "Chess.com"]
[Date "2020.06.09"]
[Round "1"]
[White "Hrant_ChessMood"]
[Black "TigranMukhutdinov"]
[Result "1-0"]
[WhiteElo "3076"]
[BlackElo "2471"]
[TimeControl "180+1"]
[EndTime "9:05:30 PDT"]
[Termination "Hrant_ChessMood won by resignation"]

1. e4 c5 2. Nf3 Nc6 3. Bb5 g6 4.
O-O Bg7 5. c3 Nf6 6. Re1 O-O 7.
d4 d5 8. e5 Ne4 9. Bxc6 bxc6 10. Be3 cxd4 11. cxd4 Qb6 12. Qc1 Rb8 13. b3 Bf5 14.
Nc3 Nxc3 15. Qxc3 a5 16. Nd2 Rfc8 17. h3 Qb5 18. Rec1 f6 19. exf6 Bxf6 20. Nf3 c5 21. Qd2 Be4 22. Ng5 cxd4 23. Bxd4 Bf5 24. Bxf6 exf6 25. Nf3 Qd3 26. Qxa5 Rxc1+ 27. Rxc1 Be4 28. Qd2 Qa6 29. Nd4 Ra8 30. a4 Rb8 31. f3 Qd3 32.
Qxd3 Bxd3 33. Kf2 Re8 34. Rc7 Rb8 35. Ke3 Ba6 36. Rc6 1-0

[Event "*** SCC Grand Prix: Titled Tuesday Blitz"]
[Site "Chess.com"]
[Date "2020.06.09"]
[Round "1"]
[White "NIGWAPO"]
[Black "j_coca"]
[Result "1-0"]
[WhiteElo "2554"]
[BlackElo "2181"]
[TimeControl "180+1"]
[EndTime "9:05:32 PDT"]
[Termination "NIGWAPO won by resignation"]

1. d4 g6 2. c4 Bg7 3. Nc3 f5 4. e4 fxe4 5. Nxe4 Nf6 6. Nxf6+ Bxf6 7. Bh6 Nc6 8. Nf3 d6 9. d5 Ne5 10. Nd4 Nf7 11. Be3 O-O 12. h4 Qe8 13. h5 g5 14.
Bd3 e5 15. dxe6 Bxe6 16. O-O Bd7 17. Qc2 h6 18. Rfe1 Ne5 19. Bg6 Nxg6 20. hxg6 Be5 21. c5 Qe7 22. cxd6 cxd6 23. Nf3 Bf5 24. Qc4+ Kg7 25. Bd4 Kxg6 26. Nxe5+ dxe5 27. Rxe5 Qf7 28. Qb4 a6 29. Re7 Qd5 30. Rg7+ Kh5 31. Be3 Qe4 32. Qd6 Rad8 33. Qg3 Qg4 34. Qxg4+ Bxg4 35. f3 Be6 36.
Kf2 1-0

[Event "*** SCC Grand Prix: Titled Tuesday Blitz"]
[Site "Chess.com"]
[Date "2020.06.09"]
[Round "1"]
[White "GaboSalazar2001"]
[Black "DortmundCity"]
[Result "0-1"]
[WhiteElo "2237"]
[BlackElo "2579"]
[TimeControl "180+1"]
[EndTime "9:05:33 PDT"]
[Termination "DortmundCity won by resignation"]

1. e4 c5 2. Nf3 Nc6 3. d4 cxd4 4. Nxd4 Nf6 5. Nc3 d6 6. Be3 Ng4 7. Bc1 Qb6 8. Nce2 e5 9. h3 exd4 10. hxg4 Bxg4 11. f3 Be6 12. Nf4 Be7 13. Bd3 Ne5 14. Qe2 Nxd3+ 15. Nxd3 Bc4 16. b3 Ba6 17. e5 dxe5 18.
Qxe5 O-O 19. Qg3 Bxd3 20. cxd3 Bb4+ 21. Kf2 Rac8 22. Bh6 Rc2+ 23. Kg1 Qg6 24. Qxg6 fxg6 25. Bg5 h6 26. Bh4 Re8 27. a3 Bc3 28. Rf1 g5 29.
Bg3 Ree2 30. Rf2 Kf7 31. Rxe2 Rxe2 32. Kh2 h5 33. Rd1 Ke6 34. Bd6 Kxd6 0-1

[Event "*** SCC Grand Prix: Titled Tuesday Blitz"]
[Site "Chess.com"]
[Date "2020.06.09"]
[Round "1"]
[White "IljaJoke"]
[Black "KejJaj"]
[Result "1-0"]
[WhiteElo "2484"]
[BlackElo "2008"]
[TimeControl "180+1"]
[EndTime "9:05:33 PDT"]
[Termination "IljaJoke won on time"]

1. d4 f5 2. Nf3 Nf6 3. e3 e6 4. Bd3 b6 5. O-O Bb7 6. c4 Be7 7. b3 O-O 8. Bb2 Ne4 9. Nbd2 d6 10. d5 Nxd2 11. Qxd2 e5 12. Ne1 Bc8 13. f4 e4 14.
Be2 Bf6 15. Bxf6 Qxf6 16. Nc2 a5 17. Qd4 Na6 18. Qxf6 Rxf6 19. Kf2 Bd7 20. Nd4 Nc5 21. Rg1 g6 22. a3 Rff8 23. b4 axb4 24. axb4 Na4 25. g4 Nc3 26. gxf5 Rxa1 27. Rxa1 Nxe2 28. Kxe2 Bxf5 29. Ra7 Rf7 30. Nb5 Bg4+ 31. Kd2 g5 32.
Rxc7 gxf4 33. Rxf7 Kxf7 34. Nxd6+ Ke7 35. Nxe4 f3 36. Nf2 Bh3 37. c5 Bf1 38. e4 bxc5 39. bxc5 Kd7 40. Ke3 Be2 41. e5 h5 42. e6+ Ke7 43. Kd4 Bb5 44. Ke5 Ba4 45. d6+ Ke8 46. h4 Kd8 47. e7+ Ke8 48. Ne4 1-0

[Event "*** SCC Grand Prix: Titled Tuesday Blitz"]
[Site "Chess.com"]
[Date "2020.06.09"]
[Round "1"]
[White "moro182"]
[Black "ARMQUEEN"]
[Result "1-0"]
[WhiteElo "2635"]
[BlackElo "2312"]
[TimeControl "180+1"]
[EndTime "9:05:34 PDT"]
[Termination "moro182 won by resignation"]

1. Nf3 d5 2. c4 c5 3. cxd5 Qxd5 4.
Nc3 Qd8 5. d4 e6 6. Bg5 Qb6 7.
Na4 Qa5+ 8. Bd2 Qc7 9. Rc1 b6 10.
e3 Bd7 11. b4 Qc6 12. Nc3 c4 13. Ne5 Qc8 14. Bxc4 Bxb4 15. Nb5 Bxd2+ 16. Qxd2 Qd8 17. Nd6+ Kf8 18. Ndxf7 Qe7 19. Nxh8 Be8 20. O-O Nf6 21. Bb5 Kg8 22. Bxe8 Nxe8 23. Nhf7 Na6 24. Qe2 Nac7 25. Qf3 Nd5 26. e4 Ndf6 27. Ng5 Rd8 28. Nc6 1-0

[Event "*** SCC Grand Prix: Titled Tuesday Blitz"]
[Site "Chess.com"]
[Date "2020.06.09"]
[Round "1"]
[White "Chuchofrio1"]
[Black "Haykoooo0o"]
[Result "0-1"]
[WhiteElo "2199"]
[BlackElo "2561"]
[TimeControl "180+1"]
[EndTime "9:05:37 PDT"]
[Termination "Haykoooo0o won by resignation"]

1. d4 Nf6 2. c4 c5 3. d5 b5 4.
cxb5 a6 5. bxa6 g6 6. Nc3 Bg7 7. g3 O-O 8. Bg2 d6 9. Nf3 Bf5 10. O-O Ne4 11. Nxe4 Bxe4 12. Nh4 Bxg2 13. Nxg2 Nxa6 14.
Rb1 Qa5 15. Bd2 Qxa2 16. Ne3 Rfb8 17. Qc2 Nb4 18. Bxb4 Rxb4 19. h4 Rab8 20. h5 Rxb2 21. Rxb2 Rxb2 22. Qe4 Be5 23. hxg6 hxg6 24. Qg4 Rxe2 25.
Nf5 Kf8 26. Nh4 Rd2 27. Qc8+ Kg7 28. Qd8 Bf6 29. Nf3 Rxd5 30. Qc8 Qe2 31. Nh2 Rd1 32. Qh3 Rxf1+ 33. Nxf1 c4 34. Qc8 c3 35. Qc6 c2 36.
Kg2 Qd1 37. Ne3 c1=Q 0-1

[Event "*** SCC Grand Prix: Titled Tuesday Blitz"]
[Site "Chess.com"]
[Date "2020.06.09"]
[Round "1"]
[White "bugsbunny444"]
[Black "mamonika"]
[Result "1-0"]
[WhiteElo "2479"]
[BlackElo "1933"]
[TimeControl "180+1"]
[EndTime "9:05:38 PDT"]
[Termination "bugsbunny444 won on time"]

1. Nf3 d5 2. c4 dxc4 3. e4 b5 4. a4 c6 5. b3 cxb3 6. axb5 cxb5 7. Qxb3 Be6 8. Bxb5+ Nd7 9. Qa4 Nf6 10. Nc3 g6 11. Nd4 Qb6 12. Bc6 Rc8 13. Rb1 Qc7 14. Rb7 Qd6 15. Ba3 1-0

[Event "*** SCC Grand Prix: Titled Tuesday Blitz"]
[Site "Chess.com"]
[Date "2020.06.09"]
[Round "1"]
[White "Bykov_Egor"]
[Black "LileKoridze"]
[Result "1-0"]
[WhiteElo "2614"]
[BlackElo "2299"]
[TimeControl "180+1"]
[EndTime "9:05:43 PDT"]
[Termination "Bykov_Egor won by resignation"]

1. d4 Nf6 2. c4 e6 3. Nc3 Bb4 4. e3 O-O 5. Bd3 d5 6. Nf3 c5 7. O-O Bxc3 8. bxc3 b6 9. cxd5 exd5 10. Re1 Bb7 11.
c4 cxd4 12. Nxd4 Nbd7 13. cxd5 Nxd5 14. Ba3 Re8 15. Nf5 Re6 16. Bc4 N7f6 17. e4 Nxe4 18. Bxd5 Nc3 19. Qd4 Qf6 20. Bxe6 fxe6 21. Qxf6 gxf6 22.
Rxe6 1-0

[Event "*** SCC Grand Prix: Titled Tuesday Blitz"]
[Site "Chess.com"]
[Date "2020.06.09"]
[Round "1"]
[White "2007checkmate"]
[Black "Bulldog167"]
[Result "0-1"]
[WhiteElo "2409"]
[BlackElo "2777"]
[TimeControl "180+1"]
[EndTime "9:05:44 PDT"]
[Termination "Bulldog167 won by resignation"]

1. Nc3 d5 2. d4 Nf6 3. Bf4 g6 4. e3 Bg7 5. h4 c6 6. Be2 h5 7. Nf3 Bg4 8. Ne5 Bxe2 9. Qxe2 Nbd7 10. f3 Nxe5 11. Bxe5 Kf8 12. g4 Nd7 13. Bxg7+ Kxg7 14. O-O-O e6 15. e4 hxg4 16. fxg4 Rxh4 17. exd5 Qg5+ 18.
Kb1 cxd5 19. Rxh4 Qxh4 20. Qf3 Qf6 21. Qg2 Rh8 22. Nb5 a6 23. Nd6 Qf4 24. Nxb7 Rh4 25.
Rf1 Rxg4 26. Qh3 Qxd4 27. Nd8 Rg1 28. Nxf7 Qd1+ 0-1

[Event "*** SCC Grand Prix: Titled Tuesday Blitz"]
[Site "Chess.com"]
[Date "2020.06.09"]
[Round "1"]
[White "AungTZ"]
[Black "chessplayer9919"]
[Result "0-1"]
[WhiteElo "2109"]
[BlackElo "2519"]
[TimeControl "180+1"]
[EndTime "9:05:46 PDT"]
[Termination "chessplayer9919 won by resignation"]

1. e4 c6 2. d4 d5 3. Nc3 dxe4 4. Nxe4 Bf5 5. Ng3 Bg6 6. h4 h6 7.
Nf3 e6 8. Bd3 Bxd3 9. Qxd3 Nd7 10.
Bd2 Ngf6 11. O-O-O Bd6 12. Ne4 Nxe4 13. Qxe4 Nf6 14.
Qe2 Qc7 15. Kb1 O-O-O 16. c4 Rhe8 17. Bc3 c5 18. dxc5 Qxc5 19. Ka1 Kb8 20. Bd4 Qf5 21. Bxf6 Qxf6 22. g4 Bc7 23. g5 hxg5 24. hxg5 Qf5 25. a3 a6 26. Ka2 e5 27. Rxd8+ Rxd8 28. Re1 f6 29. gxf6 gxf6 30. Nd2 Qf4 31. Ne4 f5 32.
Nc5 Rd2 33. Qh5 Qxc4+ 34. Nb3 Rd3 35. Qe8+ Ka7 36. Qd7 Qxb3+ 37. Ka1 Rxd7 0-1

[Event "*** SCC Grand Prix: Titled Tuesday Blitz"]
[Site "Chess.com"]
[Date "2020.06.09"]
[Round "1"]
[White "PowerThinking2650"]
[Black "GukeshDommaraju"]
[Result "0-1"]
[WhiteElo "2330"]
[BlackElo "2649"]
[TimeControl "180+1"]
[EndTime "9:05:47 PDT"]
[Termination "GukeshDommaraju won by resignation"]

1. e4 c5 2. Nf3 Nc6 3. d4 cxd4 4.
Nxd4 Nf6 5. Nc3 e5 6. Ndb5 d6 7. Bg5 a6 8. Na3 b5 9. Nd5 Be7 10. Bxf6 Bxf6 11. c3 Bg5 12. Nc2 Rb8 13. h4 Bh6 14. a4 bxa4 15. Ncb4 Nxb4 16. cxb4 O-O 17. Rxa4 a5 18. Rxa5 Rxb4 19. Ra8 Rxe4+ 20. Be2 Rxh4 21. O-O Qg5 22. Bf3 e4 23. Be2 Bh3 24.
Rxf8+ Kxf8 25. Ne3 Qe5 26. gxh3 Bxe3 27. fxe3 Qg3+ 0-1

[Event "*** SCC Grand Prix: Titled Tuesday Blitz"]
[Site "Chess.com"]
[Date "2020.06.09"]
[Round "1"]
[White "rubhani"]
[Black "Chess2019Player"]
[Result "1-0"]
[WhiteElo "2548"]
[BlackElo "2163"]
[TimeControl "180+1"]
[EndTime "9:05:47 PDT"]
[Termination "rubhani won by resignation"]

1. e4 e6 2. d4 d5 3. Nd2 Be7 4. Ngf3 Nf6 5. e5 Nfd7 6. Bd3 c5 7. c3 Nc6 8. O-O g5 9. dxc5 g4 10. Nd4 Ndxe5 11. Bb5 Bd7 12. N2b3 h5 13. f4 gxf3 14. Nxf3 Qc7 15. Bf4 Nxf3+ 16. Qxf3 e5 17. Bg3 O-O-O 18. Qxf7 Bg4 19. Bxc6 bxc6 20. Rae1 Rhf8 21.
Qg6 Rxf1+ 22. Rxf1 a5 23. Re1 a4 24. Bxe5 Qa7 25.
Nd4 Bxc5 26. Qxc6+ 1-0

[Event "*** SCC Grand Prix: Titled Tuesday Blitz"]
[Site "Chess.com"]
[Date "2020.06.09"]
[Round "1"]
[White "Munkhzul_Turmunkh"]
[Black "Playgood28"]
[Result "1-0"]
[WhiteElo "2603"]
[BlackElo "2277"]
[TimeControl "180+1"]
[EndTime "9:05:48 PDT"]
[Termination "Munkhzul_Turmunkh won by resignation"]

1. e4 e5 2. Nf3 d6 3. d4 exd4 4.
Nxd4 Nf6 5. Nc3 Be7 6. Bc4 O-O 7. O-O Nxe4 8. Nxe4 d5 9. Bd3 dxe4 10. Bxe4 Re8 11. c3 Bf6 12. Qc2 g6 13. Be3 c6 14.
Rad1 Qc7 15. Rfe1 Nd7 16. Bd3 Ne5 17. Bf1 Bd7 18. h3 Rad8 19. f4 c5 20. fxe5 cxd4 21.
Bxd4 Bxe5 22. Bxe5 Rxe5 23. Rxe5 Qxe5 24. Qf2 Kg7 25. Qxa7 Qc7 26. Qd4+ Kg8 27. Bb5 1-0

[Event "*** SCC Grand Prix: Titled Tuesday Blitz"]
[Site "Chess.com"]
[Date "2020.06.09"]
[Round "1"]
[White "Koalaskakistis"]
[Black "Onischuk_V"]
[Result "0-1"]
[WhiteElo "2445"]
[BlackElo "2905"]
[TimeControl "180+1"]
[EndTime "9:05:50 PDT"]
[Termination "Onischuk_V won by resignation"]

1. f4 Nf6 2. Nf3 g6 3. g3 Bg7 4. Bg2 O-O 5. O-O d6 6. d3 Nc6 7. e4 e5 8. fxe5 dxe5 9. Nc3 h6 10. h3 Be6 11. Be3 Nd7 12. Qd2 Kh7 13. Nh4 Nd4 14.
Rf2 c6 15. Raf1 a5 16. Nd1 a4 17. c3 Nb5 18. d4 Bxa2 19. d5 Bc4 20. Re1 Qe7 21.
Bf1 Bxf1 22. Rexf1 Nd6 23. dxc6 bxc6 24. Qc2 Qe6 25. Kh2 Nf6 26. Bc5 Nfxe4 27. Bxd6 Nxd6 28.
Ne3 f5 29. g4 f4 30. Nef5 gxf5 31. gxf5 Qf6 32. Rg2 Qxh4 33. f6+ e4 34. fxg7 Rf7 35. Rfg1 Rg8 36. Rg6 Rfxg7 37. Rxd6 Rxg1 38. Qxe4+ R1g6 39. Rd7+ Rg7 0-1

[Event "*** SCC Grand Prix: Titled Tuesday Blitz"]
[Site "Chess.com"]
[Date "2020.06.09"]
[Round "1"]
[White "Micki-taryan"]
[Black "malandragem"]
[Result "1-0"]
[WhiteElo "3028"]
[BlackElo "2468"]
[TimeControl "180+1"]
[EndTime "9:05:52 PDT"]
[Termination "Micki-taryan won by resignation"]

1. d4 Nf6 2. Nf3 g6 3. Nc3 Bg7 4. e4 d6 5. Be3 a6 6. a4 Nc6 7. d5 Nb8 8. h3 O-O 9. Be2 e6 10. O-O exd5 11. exd5 Nbd7 12. Re1 Re8 13. Bf1 Nc5 14. a5 Nce4 15. Nxe4 Nxe4 16. Bd4 Nf6 17. c4 Bd7 18. Qb3 c5 19. Bc3 Qc7 20. Bd3 Nh5 21. Bxg7 Nxg7 22. Qc3 Bf5 23. Bf1 Rxe1 24. Rxe1 Re8 25. g4 Rxe1 26. Qxe1 Bc8 27. Ng5 h6 28. Ne4 Qe7 29. Qe3 Qe5 30. f4 Qxb2 31. Nxd6 Bd7 32. Qxc5 h5 33. Qf2 hxg4 34. Qxb2 1-0

[Event "*** SCC Grand Prix: Titled Tuesday Blitz"]
[Site "Chess.com"]
[Date "2020.06.09"]
[Round "1"]
[White "DivyaDeshmukh23"]
[Black "ChessWarrior7197"]
[Result "0-1"]
[WhiteElo "2454"]
[BlackElo "2937"]
[TimeControl "180+1"]
[EndTime "9:05:57 PDT"]
[Termination "ChessWarrior7197 won by resignation"]

1. e4 c5 2. Nf3 d6 3. d4 cxd4 4. Nxd4 Nf6 5. Nc3 a6 6. Bg5 e6 7. f4 h6 8. Bh4 Qb6 9. Qd2 Qxb2 10. Rb1 Qa3 11. f5 Be7 12. fxe6 fxe6 13. Be2 O-O 14. O-O Nc6 15. Nxc6 bxc6 16. Bf2 d5 17. e5 Nd7 18. Bg3 Bb4 19. Rb3 Qa5 20. a3 Be7 21. Rxf8+ Nxf8 22. Bf4 Bd7 23. Bxh6 gxh6 24. Qxh6 Be8 25.
Nb5 Qe1+ 26. Bf1 Bc5+ 0-1

[Event "*** SCC Grand Prix: Titled Tuesday Blitz"]
[Site "Chess.com"]
[Date "2020.06.09"]
[Round "1"]
[White "MartinMatthiesen"]
[Black "anesar92"]
[Result "0-1"]
[WhiteElo "2353"]
[BlackElo "2684"]
[TimeControl "180+1"]
[EndTime "9:05:57 PDT"]
[Termination "anesar92 won on time"]

1. d4 Nf6 2. c4 e6 3. Nf3 Bb4+ 4. Bd2 Be7 5. Nc3 O-O 6. e4 d5 7. e5 Ne4 8. Bd3 Nxd2 9. Qxd2 dxc4 10. Bxc4 Nd7 11.
Bb3 Nb6 12. Qe3 Bd7 13. O-O Bc6 14. Rfd1 Qd7 15. Bc2 Rad8 16. Ng5 h6 17. Nge4 Kh8 18. Qh3 Nd5 19. a3 b6 20. Qd3 g6 21. h4 Kg7 22. h5 Nf4 23. Qe3 g5 24. Nf6 Bxf6 25. exf6+ Kxf6 26. Qe5+ Ke7 27. d5 Bxd5 28. Be4 f6 29.
Nxd5+ Nxd5 30. Qd4 c5 0-1